 Dungeon Crawl Stone Soup version 0.19-a0-854-gc78d25d (webtiles) character file.

26703 sudo the Basher (level 13, -3/100 HPs)
             Began as a Mummy Monk on July 1, 2016.
             Was a High Priest of Okawaru.
             Slain by a deep troll (12 damage)
             ... on level 2 of the Orcish Mines.
             The game lasted 00:27:15 (15198 turns).

sudo the Basher (Mummy Monk)                       Turns: 15198, Time: 00:27:15

Health: -3/100     AC: 26    Str: 32    XL:     13   Next: 0%
Magic:  15/19      EV: 21    Int:  7    God:    Okawaru [*****.]
Gold:   418        SH:  8    Dex: 15    Spells: 0 memorised, 12 levels left

rFire  x . .     SeeInvis +     o - +7 mace "Mummy's Curse" {crush, rC+}
rCold  + + .     Gourm    .     q - +7 ring mail of the Orcish Mines {Str+2 SInv}
rNeg   + + +     Faith    .     B - +2 buckler {AC+3}
rPois  ∞         Spirit   .     J - +0 hat of the Thistle {rCorr Str+4 Int-3}
rElec  .         Dismiss  +     M - +1 cloak
rCorr  +         Reflect  .     I - +2 pair of gloves {Str+3}
SustAt .         Harm     .     c - +1 pair of boots
MR     +....                    f - amulet of dismissal
Stlth  ++++......               l - +5 ring of strength
                                g - ring of stealth

@: about to teleport, heroism, finesse, somewhat resistant to hostile
enchantments, stealthy
A: no food or potions, fire vulnerability, cold resistance 1, negative energy
resistance 3, torment resistance, unbreathing, in touch with death 1, restore
body
a: Self-Restoration, Heroism, Finesse, Renounce Religion


You were on level 2 of the Orcish Mines.
You worshipped Okawaru.
Okawaru was extremely pleased with you.
You were not hungry.

You visited 3 branches of the dungeon, and saw 15 of its levels.

You collected 724 gold pieces.
You spent 306 gold pieces at shops.

Inventory:

Hand Weapons
 h - a +1 hand axe of electrocution
 o - the +7 mace "Mummy's Curse" (weapon) {crush, rC+}
   (You found it on level 5 of the Dungeon)

   It inflicts extra damage upon your enemies.
   It protects you from cold.
 z - a +3 morningstar of freezing
Missiles
 k - 8 silver javelins (quivered)
Armour
 c - a +1 pair of boots (worn)
 q - the +7 ring mail of the Orcish Mines (worn) {Str+2 SInv}
   (You found it on level 6 of the Dungeon)

   It affects your strength (+2).
   It lets you see invisible.
 B - a +2 buckler of protection (worn)
 I - a +2 pair of gloves of strength (worn)
 J - the +0 hat of the Thistle (worn) {rCorr Str+4 Int-3}
   (Okawaru gifted it to you on level 1 of the Orcish Mines)

   It affects your strength (+4).
   It affects your intelligence (-3).
   It protects you from acid and corrosion.
 M - a +1 cloak (worn)
Jewellery
 f - an amulet of dismissal (around neck)
 g - a ring of stealth (left hand)
 l - a +5 ring of strength (right hand)
Wands
 b - a wand of flame (16/48)
 i - a wand of enslavement (16/24)
 m - a wand of polymorph (12/24)
 r - a wand of random effects (29/48)
 t - a wand of disintegration (11/24)
 u - a wand of acid (0/15)
 v - a wand of teleportation (4/9)
 A - a wand of flame (20/48)
 C - a wand of polymorph (9/24)
 G - a wand of iceblast (0/15)
 K - a wand of confusion (25/48)
 L - a wand of flame (31/48)
Scrolls
 d - 12 scrolls of remove curse
 e - 5 scrolls of immolation
 j - a scroll of vulnerability
 p - a scroll of amnesia
 w - 5 scrolls of magic mapping
 x - a scroll of noise
 y - a scroll of blinking
 E - a scroll of torment
 H - a scroll of fog
Books
 n - a book of Changes

   Spells                             Type                      Level
   a - Beastly Appendage              Transmutation                1
   b - Sticks to Snakes               Transmutation                2
   c - Spider Form                    Transmutation/Poison         3
   d - Ice Form                       Ice/Transmutation            4
   e - Blade Hands                    Transmutation                5
 s - a book of the Tempests

   Spells                             Type                      Level
   a - Static Discharge               Conjuration/Air              3
   b - Lightning Bolt                 Conjuration/Air              5
   c - Fireball                       Conjuration/Fire             5
   d - Tornado                        Air                          9
   e - Shatter                        Earth                        9
 D - a Fen Folio

   Spells                             Type                      Level
   a - Corpse Rot                     Necromancy                   2
   b - Stone Arrow                    Conjuration/Earth            3
   c - Leda's Liquefaction            Hexes/Earth                  4
   d - Summon Forest                  Summoning/Translocation      5
   e - Hydra Form                     Transmutation                6
   f - Summon Hydra                   Summoning                    7
 F - a book of Party Tricks

   Spells                             Type                      Level
   a - Summon Butterflies             Summoning                    1
   b - Apportation                    Translocation                1
   c - Tukima's Dance                 Hexes                        3
   d - Alistair's Intoxication        Transmutation/Poison         5
   e - Invisibility                   Hexes                        6


   Skills:
 + Level 8.8(13.8) Fighting
 - Level 4.5(13.0) Axes
 * Level 10.1(15.5) Maces & Flails
 + Level 6.6(11.6) Armour
 + Level 9.0(14.0) Dodging
 - Level 2.0(7.0) Stealth
 - Level 3.3(8.3) Shields
 * Level 8.1 Invocations


You had 12 spell levels left.
You didn't know any spells.

Dungeon Overview and Level Annotations

Branches:
Dungeon (12/15)            Temple (1/1) D:4            Lair (0/6) D:10
    Orc (2/2) D:10            Elf (0/3) Orc:2

Altars:
Ashenzari
Cheibriados
Dithmenos
Elyvilon
Fedhas
Gozag
Hepliaklqana
Kikubaaqudgha
Makhleb
Nemelex Xobeh
Okawaru
Pakellas
Qazlal
Ru
Sif Muna
Trog
Uskayaw
Vehumet
Xom
Yredelemnul
Zin
The Shining One

Shops:
D:6 !   D:7 }   Orc:2 :!*[

Annotations:
D:7 1 runed door


Innate Abilities, Weirdness & Mutations

You do not eat or drink.
Your flesh is vulnerable to fire.
You are immune to poison.
Your flesh is cold resistant. (rC+)
You are immune to negative energy. (rN+++)
You are immune to unholy pain and torment.
You can survive without breathing.
You are in touch with the powers of death.
You can restore your body by infusing magical energy.


Message History

* * * LOW HITPOINT WARNING * * *
You block the iron troll's attack. The iron troll misses you.
Unknown command.
Items here: ( ))))))) ÷÷÷
As you read the scroll of teleportation, it crumbles to dust.
You feel strangely unstable.
Unknown command.
Your surroundings flicker for a moment.
As you read the scroll of teleportation, it crumbles to dust.
You feel strangely unstable. The deep troll barely misses you.
You block the deep troll's attack. x2
You can't drink.
Evoke which item? (* to show all) (? for menu, Esc to quit)
Zapping:
t - a wand of disintegration (will waste charges)
Press: ? - help, Shift-Dir - straight line, f - ogre
Aim: an ogre, wielding a giant club (moderately wounded, chance to defeat MR: 65%)
The ogre is blasted.
Evoking this partially-identified wand wasted a few charges.
The deep troll bites you!
You die...

**,#.....$.......
*********....<..))).....
#####.#*,**,.......#.#..#...
###*##..#.....,,,................
.#.##...$#....**,#..#..........$.
....##......#****,,,#..........).
............# ###,,,.............
............###O##,,#...........#
....$......OO..T@#,.........#....
....$.......OTT.##*..............
..$....)..#T#.### *##..........$.
..........#)### ##.............
.......).OTT.# #..............
.....)..T.#)## ##..#....).....
.........#### #.........)....
...O$...## #..............
#......## *##....))........


You could see an iron troll, a deep troll, 2 trolls and 4 ogres.

Vanquished Creatures
  Snorg (Orc:1)
  An ice dragon (D:12)
  A centaur warrior (D:9)
  An orc high priest (Orc:1)
  4 hill giants
  Pikel (D:6)
  2 orc knights (Orc:2)
  2 ugly things
  3 cyclopes
  A manticore (D:11)
  A gargoyle (D:11)
  A komodo dragon (D:10)
  11 trolls
  4 slime creatures (D:12)
  9 two-headed ogres
  2 wyverns
  Sigmund (D:5)
  A wraith (D:12)
  6 spriggans (D:8)
  A vampire (D:12)
  11 yaks
  A basilisk (D:12)
  A hippogriff (D:8)
  A mottled dragon (D:11)
  2 wargs (Orc:1)
  Duvessa (D:4)
  A wasp (D:10)
  12 orc warriors
  2 sky beasts
  4 ice beasts
  3 phantoms
  A black bear (D:5)
  An eye of draining (D:11)
  3 centaurs
  A necrophage (D:11)
  16 ogres
  A crocodile (D:8)
  11 big kobolds (D:8)
  5 giant frogs
  A gnoll sergeant (D:8)
  A water moccasin zombie (D:5)
  Dowan (D:4)
  A scorpion (D:12)
  6 killer bees (D:11)
  15 wights
  4 howler monkeys
  3 vampire bats (D:2)
  2 quasits
  10 crimson imps
  A centaur zombie (D:8)
  4 giant frog zombies
  9 hounds
  A wasp zombie (D:6)
  3 jellies
  6 orc priests
  A centaur skeleton (D:5)
  2 giant frog skeletons
  2 iguanas
  19 orc wizards
  18 worker ants
  4 sheep (D:11)
  2 hound zombies
  A hound skeleton (D:11)
  A worker ant zombie (D:5)
  4 gnolls (D:3)
  14 adders
  5 shadow imps
  2 oozes (D:4)
  3 adder skeletons
  2 dart slugs
  A worm (D:2)
  5 giant geckos
  70 orcs
  A bat skeleton (D:2)
  5 bat zombies (D:2)
  11 giant cockroaches
  8 goblins
  7 hobgoblins
  10 jackals
  3 quokkas
  5 bats
  2 giant cockroach zombies
  A giant gecko skeleton (D:7)
  A giant gecko zombie (D:5)
  3 giant newts
  2 jackal zombies (D:5)
  19 kobolds
  A quokka skeleton (D:5)
  A quokka zombie (D:5)
  6 rats
  2 butterflies (D:7)
444 creatures vanquished.

Vanquished Creatures (others)
  8 plants (D:10)
8 creatures vanquished.

Grand Total: 452 creatures vanquished

Notes
Turn   | Place    | Note
-------+----------+-------------------------------------------
     0 | D:1      | sudo the Mummy Monk began the quest for the Orb.
     0 | D:1      | Reached XP level 1. HP: 18/18 MP: 1/1
   309 | D:1      | Reached XP level 2. HP: 22/24 MP: 2/2
   933 | D:2      | Reached XP level 3. HP: 29/29 MP: 3/3
  1274 | D:2      | Reached skill level 1 in Armour
  1278 | D:2      | Found an ancient bone altar of Kikubaaqudgha.
  1285 | D:2      | Reached skill level 1 in Axes
  1285 | D:2      | Reached XP level 4. HP: 31/35 MP: 4/4
  1304 | D:2      | Reached XP level 5. HP: 30/41 MP: 5/5
  2291 | D:3      | Reached XP level 6. HP: 48/48 MP: 6/6
  2300 | D:3      | Found a deep blue altar of Sif Muna.
  2504 | D:4      | Found a staircase to the Ecumenical Temple.
  2755 | Temple   | Entered the Ecumenical Temple
  2986 | Temple   | Became a worshipper of Warmaster Okawaru
  2986 | Temple   | Reached * piety under Okawaru
  2986 | Temple   | Reached ** piety under Okawaru
  3490 | D:4      | Reached skill level 1 in Invocations
  3490 | D:4      | Reached XP level 7. HP: 21/54 MP: 7/7
  3993 | D:4      | Noticed Dowan
  3997 | D:4      | Noticed Duvessa
  4011 | D:4      | Killed Duvessa
  4013 | D:4      | Killed Dowan
  4063 | D:4      | Found a burning altar of Makhleb.
  4106 | D:5      | Entered Level 5 of the Dungeon
  4162 | D:5      | Reached *** piety under Okawaru
  4197 | D:5      | Noticed Sigmund
  4219 | D:5      | Reached XP level 8. HP: 43/61 MP: 9/9
  4322 | D:5      | Found a glowing golden altar of the Shining One.
  4686 | D:5      | Found a shattered altar of Ashenzari.
  4808 | D:5      | Killed Sigmund
  4808 | D:5      | Reached skill level 1 in Shields
  5034 | D:5      | Reached skill level 5 in Fighting
  5167 | D:5      | Found a hazy altar of Hepliaklqana.
  5179 | D:5      | Found a burning altar of Makhleb.
  5253 | D:5      | Reached skill level 5 in Dodging
  5281 | D:5      | Got a scorched mace
  5369 | D:5      | Found a shadowy altar of Dithmenos.
  5433 | D:5      | Reached **** piety under Okawaru
  5521 | D:6      | Reached XP level 9. HP: 65/68 MP: 11/11
  5539 | D:6      | Found a glowing silver altar of Zin.
  5594 | D:6      | Found Uxtusm's Distillery.
  5721 | D:6      | Got a twisted ring mail
  5759 | D:6      | Identified the +7 mace "Mummy's Curse" {crush, rC+} (You found it on level 5 of the Dungeon)
  5774 | D:6      | Identified the +7 ring mail of the Orcish Mines {Str+2 SInv} (You found it on level 6 of the Dungeon)
  5796 | D:6      | Noticed Pikel
  5811 | D:6      | Killed Pikel
  5811 | D:6      | Reached skill level 3 in Maces & Flails
  5899 | D:6      | Found a glowing golden altar of the Shining One.
  5904 | D:6      | Found an opulent altar of Gozag.
  6020 | D:7      | Found a shimmering altar of Xom.
  6487 | D:7      | Found a runed door.
  6504 | D:7      | Found a runed door.
  6520 | D:7      | Found Nehadyng's Quality Used Wands.
  6534 | D:7      | Bought a wand of teleportation (0/9) for 168 gold pieces
  6916 | D:8      | Reached ***** piety under Okawaru
  6931 | D:8      | Reached skill level 4 in Maces & Flails
  7135 | D:8      | Reached skill level 5 in Armour
  7140 | D:8      | Reached XP level 10. HP: 74/76 MP: 10/13
  7210 | D:8      | Reached skill level 5 in Invocations
  7336 | D:8      | Reached skill level 5 in Maces & Flails
  7570 | D:8      | Received a gift from Okawaru
  8080 | D:8      | Received a gift from Okawaru
  8445 | D:9      | Found a sacrificial altar of Ru.
  8463 | D:9      | Found an oddly glowing altar of Pakellas.
  8607 | D:9      | Noticed a centaur warrior
  8835 | D:9      | Killed a centaur warrior
  8835 | D:9      | Received a gift from Okawaru
  8835 | D:9      | Reached skill level 6 in Maces & Flails
  8836 | D:9      | Got a jewelled animal skin {god gift}
  8847 | D:9      | Identified the +0 animal skin "Ynuocazu" {rF- Slay+2 Stlth+} (Okawaru gifted it to you on level 9 of the Dungeon)
  8933 | D:9      | Reached XP level 11. HP: 81/84 MP: 13/15
  9095 | D:10     | Entered Level 10 of the Dungeon
  9449 | D:10     | Noticed a hill giant
  9457 | D:10     | Killed a hill giant
  9457 | D:10     | Reached skill level 7 in Maces & Flails
  9541 | D:10     | Found a staircase to the Lair.
  9563 | D:10     | Noticed a hill giant
  9578 | D:10     | Killed a hill giant
  9904 | D:10     | Found a staircase to the Orcish Mines.
 10816 | D:11     | Found a sparkling altar of Nemelex Xobeh.
 11288 | D:11     | Noticed a cyan ugly thing
 11302 | D:11     | Killed a cyan ugly thing
 11414 | D:11     | Received a gift from Okawaru
 11414 | D:11     | Reached skill level 8 in Maces & Flails
 12369 | D:12     | Reached XP level 12. HP: 80/92 MP: 17/17
 12903 | D:12     | Noticed an ice dragon
 12903 | D:12     | a slime creature changed into an ice dragon
 12921 | D:12     | Killed an ice dragon
 13247 | D:12     | Reached skill level 9 in Maces & Flails
 13249 | D:12     | Identified a scroll of acquirement
 13931 | Orc:1    | Entered Level 1 of the Orcish Mines
 14036 | Orc:2    | Entered Level 2 of the Orcish Mines
 14036 | Orc:2    | Noticed an orc high priest
 14055 | Orc:1    | Killed an orc high priest
 14244 | Orc:1    | Received a gift from Okawaru
 14245 | Orc:1    | Got a bloodstained hat {god gift}
 14252 | Orc:1    | Identified the +0 hat of the Thistle {rCorr Str+4 Int-3} (Okawaru gifted it to you on level 1 of the Orcish Mines)
 14312 | Orc:2    | Noticed Snorg
 14361 | Orc:1    | Killed Snorg
 14609 | Orc:2    | Found Dacod's Armour Shop.
 14720 | Orc:2    | Bought a +1 cloak for 138 gold pieces
 14726 | Orc:2    | Found Jano's General Store.
 14743 | Orc:2    | Noticed an ogre mage
 14786 | Orc:2    | Reached skill level 10 in Maces & Flails
 15115 | Orc:2    | Found Bifyer's Distillery.
 15120 | Orc:2    | Found Onoc's Book Shoppe.
 15144 | Orc:2    | Gained mutation: You are in touch with the powers of death. [Mummy growth]
 15144 | Orc:2    | Gained mutation: You can restore your body by infusing magical energy. [Mummy growth]
 15144 | Orc:2    | Reached XP level 13. HP: 100/100 MP: 19/19
 15198 | Orc:2    | Slain by a deep troll

Vault maps used:
D:1:      onia_arrival_pyramid
D:2:      kennysheep_vampire_church, corexii_corridor_pit, minivault_5
D:3:      lemuel_crystal_altar, first_bread
D:4:      makhleb_heckhound_becter, uniq_duvessa
D:5:      black_bear_nest_2, marbit_many_paths, grunt_temple_overflow_open,
          cheibrodos_ashenzari_chains, serial_undead, serial_undead_f,
          serial_undead_d, serial_undead_c, serial_undead_a,
          nicolae_tso_carved_into_rock, uniq_sigmund
D:6:      zin_academy, minitemple, serial_shops, nicolae_shop_waterfront,
          uniq_pikel
D:7:      lemuel_insect_pit, xom_butterflies, serial_curves, eino_curves_02,
          eino_curves_01, grunt_ogre_cave, nicolae_for_you_no_charge
D:8:      kb_forest_paths, special_room
D:9:      nicolae_ru_awakened_eye, kennysheep_mini_moat
D:10:     david_lair_shrubbed, david_orc_3, minmay_stone_trees_small,
          minmay_misc_feat_four_crosses
D:11:     basic_altar
Temple:   dpeg_chambers_temple
Orc:1:    nicolae_orc_accident_2, uniq_erolcha
Orc:2:    st_orc_open, serial_shops, shop, nicolae_orc_tapped_out, uniq_snorg

Skill      XL: |  1  2  3  4  5  6  7  8  9 10 11 12 |
---------------+-------------------------------------+-----
Armour         | 1 2 3 4 5 6 |  6.6
Axes           | 1 2 3 4 |  4.5
Dodging        | 3 4 5 6 7 9 |  9.0
Stealth        | 2 |  2.0
Fighting       | 4 5 6 7 8 |  8.8
Invocations    | 1 2 3 4 5 7 8 |  8.1
Shields        | 1 3 |  3.3
Maces & Flails | 4 6 8 10 | 10.1

Action                   |  1- 3 |  4- 6 |  7- 9 | 10-12 | 13-15 || total
-------------------------+-------+-------+-------+-------+-------++-------
Melee: Mace              |    66 |       |   146 |   968 |    27 ||  1207
       Hand axe          |    66 |   165 |   214 |       |       ||   445
Invok: Heroism           |       |       |     5 |    12 |     1 ||    18
       Finesse           |       |       |       |       |     1 ||     1
Evoke: Wand              |       |       |       |     4 |     1 ||     5
  Use: Scroll            |       |     6 |     9 |    14 |     2 ||    31
 Stab: Sleeping          |     1 |       |     5 |     5 |       ||    11
       Distracted        |       |       |     1 |     1 |       ||     2
Armor: Scale mail        |    70 |    76 |    84 |       |       ||   230
       Ring mail         |       |       |    65 |   291 |     4 ||   360
Dodge: Dodged            |    81 |   129 |   205 |   612 |    17 ||  1044
Block: Buckler           |       |     3 |    73 |   321 |    11 ||   408
